Map: Emerald City LE

Players

Massa

  • Race: Terran Terran
  • League: Platinum
  • Spawn Location: 11:00

qqq

  • Race: Zerg Zerg
  • Spawn Location: 11:00

Yggdrasil - Winner!

  • Race: Protoss Protoss
  • Spawn Location: 5:00

Minato - Winner!

  • Race: Terran Terran
  • League: Diamond
  • Spawn Location: 5:00

VOD

Have the link to the VOD?

Description

Time

  • Played on: Oct. 9, 2020, 2:13 p.m.
  • Length: 17:51
Show
View Real Time Build Order
Export as new Build Order

Massa Terran 

Build Orders: Gas First Reaper Expand 

Get SALT Encoding   

  12  0:00  SCV  
  13  0:12  SCV  
  14  0:23  Supply Depot  
  14  0:24  SCV  
  15  0:35  Refinery  
  15  0:45  SCV  
  15  0:47  Barracks  
  16  0:57  SCV  
  17  1:09  SCV  
  18  1:21  SCV  
  19  1:33  SCV  
  19  1:34  Reaper  
  19  1:39  Command Center  
  21  1:47  Orbital Command  
  21  2:06  Marine  
  22  2:12  Factory  
  22  2:16  Supply Depot  
  22  2:18  SCV  
  23  2:39  SCV  
  24  2:49  Barracks Reactor  
  24  2:51  SCV  
  25  3:06  Refinery  
  25  3:07  Engineering Bay  
  25  3:10  Starport  
  25  3:14  Widow Mine  
  25  3:16  Orbital Command  
  25  3:17  SCV  
  28  3:29  SCV  
  29  3:35  Widow Mine  
  31  3:42  SCV x2  
  31  3:48  Starport Tech Lab  
  33  3:54  SCV x2  
  35  3:57  Factory Tech Lab  
  35  3:58  Marine x2  
  37  4:06  SCV  
  37  4:08  SCV  
  39  4:14  Banshee  
  39  4:16  Marine x2  
  44  4:18  SCV  
  44  4:20  SCV  
  46  4:41  Supply Depot  
  46  4:42  Supply Depot x2  
  46  4:43  Supply Depot  
  46  4:44  Supply Depot  
  46  5:03  SCV, Marine x2  
  46  5:04  SCV  
  50  5:07  Medivac  
  50  5:09  Cloaking Field  
  50  5:11  Terran Infantry Weapons Level 1  
  52  5:15  SCV  
  52  5:16  SCV  
  52  5:20  Barracks, Command Center  
  54  5:24  Barracks, Marine x2  
  54  5:27  SCV  
  54  5:28  SCV  
  58  5:39  SCV  
  58  5:40  SCV  
  58  5:42  Marine x2  
  62  5:59  Marine x2  
  64  6:13  Siege Tank  
  64  6:17  Marine x2  
  69  6:28  Refinery  
  69  6:30  Refinery  
  69  6:35  Marine x2, Missile Turret  
  71  6:40  Missile Turret  
  71  6:45  Siege Tank  
  74  6:49  Missile Turret  
  74  6:51  Barracks Reactor, Barracks Tech Lab  
  74  6:53  Marine x2  
  73  7:30  SCV  
  73  7:31  SCV, Orbital Command  
  73  7:34  Marauder  
  73  7:35  Marine  
  73  7:36  Marine x3  
  81  7:41  Stimpack  
  81  7:42  SCV  
  81  7:43  SCV  
  83  7:53  Marine x4  
  83  7:54  SCV  
  83  7:55  SCV, Marauder  
  88  8:06  SCV, Siege Tank  
  88  8:07  SCV  
  88  8:10  Marine  
  88  8:11  Marine x3  
  97  8:17  Marauder  
  97  8:18  SCV  
  97  8:19  SCV  
  101  8:26  SCV  
  101  8:42  Missile Turret  
  101  8:58  Supply Depot  
  101  9:00  Supply Depot x2  
  101  9:02  Missile Turret, Supply Depot  
  101  9:12  Armory  
  101  9:18  SCV  
  101  9:19  SCV  
  101  9:20  Marauder, Liberator, Siege Tank  
  101  9:21  Marine x4  
  101  9:22  SCV, Missile Turret  
  113  9:25  Supply Depot  
  113  9:30  SCV  
  111  9:31  SCV  
  111  9:34  SCV  
  111  9:39  Marine x4  
  111  9:42  SCV, Marauder  
  117  9:46  SCV  
  117  9:52  Engineering Bay  
  118  9:57  Marine x3  
  103  10:03  Marauder  
  108  10:12  Refinery  
  108  10:15  SCV x2  
  108  10:19  Command Center  
  110  10:22  Missile Turret  
  110  10:27  SCV  
  110  10:28  Marauder, Missile Turret  
  110  10:29  Missile Turret  
  110  10:30  Missile Turret  
  110  10:31  Missile Turret  
  110  10:34  Supply Depot  
  110  10:37  SCV  
  110  10:56  SCV x2, Marauder, Viking  
  116  11:03  Combat Shield  
  116  11:05  Terran Infantry Weapons Level 2  
  116  11:08  SCV x2  
  118  11:11  Engineering Bay  
  118  11:13  Terran Vehicle Weapons Level 1  
  118  11:29  SCV x2  
  116  11:36  Supply Depot  
  116  11:37  Supply Depot  
  116  11:38  Supply Depot  
  116  11:41  SCV x2  
  118  11:53  SCV x2  
  120  11:55  Supply Depot  
  120  11:56  Supply Depot  
  120  12:00  Supply Depot  
  120  12:02  Supply Depot  
  120  12:03  Supply Depot  
  120  12:05  SCV x2  
  122  12:17  SCV  
  122  12:20  Supply Depot  
  122  12:21  Supply Depot  
  122  12:23  Missile Turret  
  122  12:26  Supply Depot  
  122  12:28  Supply Depot  
  112  12:35  Siege Tank  
  112  12:36  Marauder, Marine  
  113  12:45  Missile Turret, Supply Depot  
  113  12:49  Starport Reactor, Missile Turret  
  113  12:52  Supply Depot  
  113  12:56  Starport  
  113  12:57  Marauder  
  115  13:00  Orbital Command  
  115  13:07  Siege Tank  
  115  13:10  Missile Turret  
  118  13:18  Marine x3, Missile Turret  
  118  13:19  Marauder, Marine  
  124  13:36  Marine x4  
  124  13:39  Siege Tank  
  124  13:40  Marauder  
  130  14:00  SCV  
  130  14:01  SCV x2, Marauder  
  119  14:13  SCV x3  
  119  14:14  Command Center  
  111  14:19  Marine x4  
  111  14:23  Marauder  
  117  14:25  SCV x3  
  120  14:37  SCV x3, Marine x4  
  122  14:44  Marauder  
  124  14:49  SCV x2  
  108  14:54  Marine  
  108  14:55  Marine x3  
  81  15:03  Siege Tank  
  81  15:05  Marauder  
  81  15:06  SCV x3  
  87  15:12  Marine  
  87  15:13  Marine x3  
  91  15:17  Refinery  
  91  15:18  SCV x3  
  91  15:19  Refinery  
  94  15:24  Medivac x2  
  94  15:25  Factory  
  94  15:27  Smart Servos, Marauder  
  100  15:30  SCV x3  
  100  15:34  Marine  
  100  15:35  Factory, Marine x3, Siege Tank  
  110  15:40  Terran Infantry Armor Level 1, Barracks  
  110  15:42  SCV x3, Terran Vehicle And Ship Armor Level 1  
  111  15:44  Armory  
  111  15:48  Marauder  
  115  15:52  Marine x4  
  115  15:54  SCV, Medivac  
  122  16:07  Siege Tank  
  122  16:10  Marauder, Marine x4  
  113  16:12  Factory Tech Lab  
  82  16:27  Marine  
  82  16:28  Marine x3  
  82  16:31  Marauder  
  82  16:38  Factory Tech Lab  
  64  16:46  Marine x2  
  64  16:52  Marauder  
  57  17:01  Command Center  
  57  17:04  Marine x2  
  52  17:13  Barracks  
  52  17:14  Barracks, Marauder  
  52  17:15  Barracks x2  
  51  17:21  Marine  
  51  17:22  Marine  
  41  17:31  Starport Tech Lab  
Show
View Real Time Build Order
Export as new Build Order

qqq Zerg 

Build Orders: Hatch First 

Get SALT Encoding   

  12  0:01  Drone  
  13  0:08  Drone  
  14  0:38  Hatchery  
  13  0:54  Spawning Pool  
  13  0:55  Drone  
  13  1:03  Drone  
  14  1:08  Overlord  
  14  1:22  Overlord  
  14  1:24  Extractor  
  14  1:25  Drone  
  14  1:36  Overlord  
  14  1:50  Drone x2  
  16  1:56  Queen  
  18  2:03  Drone  
  19  2:12  Drone  
  20  2:19  Drone  
  21  2:27  Drone x3  
  23  2:42  Zergling x2  
  23  2:43  Metabolic Boost  
  24  2:45  Zergling x2  
  24  2:47  Zergling x2  
  24  2:49  Drone  
  27  2:54  Zergling x2  
  27  2:56  Zergling x2  
  29  3:05  Queen  
  29  3:07  Zergling x2  
  29  3:11  Zergling x2  
  33  3:14  Zergling x2  
  33  3:16  Zergling x2  
  36  3:20  Zergling x2  
  36  3:21  Zergling x2  
  36  3:24  Zergling x2  
  38  3:35  Zergling x2  
  38  3:36  Zergling x4  
  38  3:41  Zergling x2  
  42  3:46  Drone  
  42  3:48  Zergling x2  
  44  3:49  Overlord  
  44  3:52  Overlord  
  44  4:02  Overlord  
  44  4:10  Drone x3  
  43  4:31  Zergling x6  
  44  4:32  Zergling x4  
  42  4:43  Zergling x4  
  42  4:54  Zergling x2  
  42  4:55  Zergling x2  
  40  5:10  Zergling x2  
  40  5:12  Drone  
  40  5:13  Drone  
  43  5:17  Zergling x2  
  43  5:18  Zergling x6  
  43  5:19  Drone x2  
  49  5:23  Hatchery  
  48  5:34  Hatchery  
  47  5:41  Zergling x4  
  49  5:42  Lair  
  49  5:44  Drone x2, Zergling x2  
  52  5:58  Drone x3  
  52  6:01  Zergling x2  
  50  6:22  Hatchery  
  50  6:23  Zergling x6  
  50  6:24  Zergling x6  
  50  6:25  Drone x2, Zergling x4  
  57  6:30  Spore Crawler  
  57  6:32  Spore Crawler  
  55  6:46  Drone x3  
  58  6:55  Hydralisk Den  
  58  6:57  Spire  
  56  7:02  Spore Crawler, Overlord  
  56  7:03  Overlord x2  
  56  7:08  Drone x5  
  57  7:10  Drone  
  61  7:19  Drone x5  
  61  7:20  Drone  
  67  7:24  Extractor  
  67  7:27  Drone x3  
  69  7:31  Muscular Augments  
  69  7:37  Drone  
  69  7:39  Extractor, Lurker Den  
  68  7:45  Extractor, Drone x2, Zergling x2  
  70  7:57  Hydralisk x2  
  70  7:58  Hydralisk x3  
  79  8:24  Hydralisk x2  
  79  8:25  Hydralisk  
  84  8:27  Zergling x10  
  84  8:28  Drone x3, Zergling x4  
  84  8:29  Drone x6  
  100  8:51  Mutalisk, Evolution Chamber  
  101  9:17  Grooved Spines  
  101  9:20  Overlord x4  
  101  9:28  Overlord x5  
  101  9:29  Overlord x3  
  101  9:46  Mutalisk x5  
  111  9:54  Mutalisk  
  111  9:59  Extractor  
  112  10:00  Extractor  
  112  10:01  Extractor x2  
  84  10:17  Hydralisk x3  
  84  10:18  Hydralisk x3  
  88  10:36  Mutalisk x2  
  88  10:37  Drone x3  
  88  10:38  Drone x6  
  101  10:48  Zergling x4, Infestation Pit  
  101  10:49  Drone x3  
  105  10:59  Mutalisk  
  107  11:05  Hatchery  
  107  11:08  Zerg Flyer Weapons Level 1  
  106  11:18  Extractor, Drone x4  
  106  11:19  Drone x2, Mutalisk x2, Extractor  
  106  11:21  Overlord x2  
  106  11:22  Zergling x8  
  118  11:30  Zerg Missile Weapons Level 1  
  118  11:33  Hatchery  
  116  11:45  Mutalisk x3  
  116  11:46  Mutalisk  
  120  11:47  Drone x6  
  120  11:48  Drone x3  
  127  12:11  Mutalisk x2  
  127  12:12  Mutalisk x3  
  127  12:13  Hatchery  
  136  12:21  Mutalisk x2  
  104  12:40  Mutalisk x5  
  104  12:42  Drone x5  
  104  12:43  Drone  
  120  12:48  Drone  
  121  12:56  Mutalisk, Hydralisk x2  
  121  12:57  Hydralisk x2  
  131  12:59  Drone x3  
  131  13:03  Zergling x2  
  131  13:05  Drone x2  
  135  13:22  Drone x2  
  135  13:23  Drone x2  
  135  13:24  Mutalisk x3, Zerg Ground Armor Level 1  
  122  14:04  Drone x7  
  122  14:05  Drone x2  
  122  14:07  Hive  
  122  14:08  Mutalisk x5  
  122  14:09  Mutalisk  
  135  14:24  Hatchery  
  112  15:02  Mutalisk  
  112  15:03  Mutalisk x5  
  124  15:09  Drone x4  
  124  15:10  Zergling x8  
  128  15:38  Drone x6  
  128  15:39  Drone  
  135  15:43  Greater Spire  
  135  15:47  Spine Crawler  
  135  15:48  Spore Crawler  
  135  15:49  Drone, Spine Crawler x2  
  132  15:50  Drone  
  112  15:59  Extractor  
  105  16:08  Hatchery  
  105  16:09  Corruptor x6  
  111  16:11  Hatchery  
  109  16:30  Corruptor x2  
  109  16:31  Corruptor x2  
  109  16:32  Corruptor x5  
  119  16:33  Corruptor  
  115  16:57  Corruptor x2  
  115  16:58  Corruptor x2  
  121  17:02  Brood Lord x5  
  121  17:05  Zergling x4  
  121  17:06  Zergling x12  
  135  17:08  Brood Lord  
  126  17:20  Zergling x6  
  126  17:22  Corruptor x2  
Show
View Real Time Build Order
Export as new Build Order

Yggdrasil Protoss - Winner!

Build Orders: 1 Gate Expand 

Get SALT Encoding   

  12  0:00  Probe  
  13  0:12  Probe  
  14  0:22  Pylon  
  14  0:25  Probe (Chrono Boost)  
  15  0:39  Probe (Chrono Boost)  
  15  0:41  Gateway  
  16  0:49  Probe  
  17  1:00  Assimilator  
  17  1:01  Probe  
  18  1:13  Probe  
  19  1:27  Nexus  
  19  1:34  Probe, Pylon  
  20  1:43  Cybernetics Core  
  20  1:48  Probe  
  21  2:00  Probe  
  22  2:08  Gateway  
  22  2:12  Probe  
  22  2:16  Assimilator  
  22  2:27  Robotics Facility  
  22  2:31  Stalker (Chrono Boost)  
  24  2:37  Probe  
  25  2:50  Probe x2, Warp Gate  
  27  2:58  Stalker (Chrono Boost)  
  27  3:03  Probe (Chrono Boost)  
  31  3:06  Probe (Chrono Boost)  
  32  3:14  Probe (Chrono Boost), Observer  
  32  3:17  Probe (Chrono Boost)  
  32  3:18  Probe (Chrono Boost)  
  34  3:20  Pylon  
  34  3:26  Probe  
  36  3:28  Sentry  
  36  3:30  Probe  
  39  3:38  Probe  
  40  3:41  Pylon  
  40  3:42  Probe (Chrono Boost)  
  40  3:47  Observer  
  42  3:51  Assimilator  
  42  3:54  Probe (Chrono Boost)  
  44  3:55  Probe (Chrono Boost)  
  45  4:04  Probe (Chrono Boost)  
  45  4:07  Probe  
  46  4:13  Assimilator  
  46  4:14  Probe  
  47  4:19  Probe  
  34  4:42  Zealot x2  
  34  4:44  Probe  
  30  4:49  Gateway  
  30  4:50  Gateway  
  30  4:51  Probe  
  30  4:53  Gateway  
  30  5:00  Immortal  
  30  5:02  Probe  
  30  5:06  Robotics Bay  
  35  5:09  Pylon  
  35  5:16  Probe (Chrono Boost)  
  35  5:17  Probe (Chrono Boost)  
  37  5:26  Probe (Chrono Boost)  
  37  5:27  Probe (Chrono Boost)  
  37  5:28  Forge  
  39  5:29  Twilight Council  
  39  5:30  Pylon  
  39  5:32  Sentry x2  
  43  5:46  Stalker  
  43  5:47  Stalker  
  44  5:58  Probe x2  
  46  6:10  Probe x2, Shield Battery  
  48  6:12  Pylon  
  48  6:24  Immortal (Chrono Boost)  
  52  6:27  Probe (Chrono Boost)  
  54  6:34  Probe (Chrono Boost)  
  54  6:35  Charge  
  54  6:39  Probe (Chrono Boost)  
  55  6:44  Probe (Chrono Boost)  
  57  6:47  Probe (Chrono Boost)  
  57  6:51  Probe (Chrono Boost)  
  57  6:53  Probe (Chrono Boost)  
  59  6:57  Probe  
  59  7:00  Colossus (Chrono Boost)  
  60  7:02  Probe  
  67  7:09  Probe  
  67  7:13  Protoss Ground Weapons Level 1 (Chrono Boost)  
  69  7:25  Probe (Chrono Boost)  
  69  7:27  Probe (Chrono Boost)  
  70  7:35  Probe (Chrono Boost)  
  72  7:37  Probe (Chrono Boost)  
  72  7:39  Extended Thermal Lance  
  72  7:40  Probe (Chrono Boost)  
  73  7:44  Sentry  
  75  8:05  Colossus (Chrono Boost)  
  75  8:12  Probe  
  82  8:15  Robotics Facility  
  82  8:17  Probe, Pylon  
  82  8:18  Pylon  
  83  8:22  Stalker  
  85  8:37  Blink  
  85  8:43  Zealot x4  
  85  8:47  Probe  
  94  8:55  Gateway  
  94  8:57  Gateway  
  94  8:58  Gateway  
  94  9:00  Gateway  
  94  9:03  Pylon  
  94  9:08  Colossus  
  100  9:20  Disruptor  
  103  9:44  Nexus  
  103  9:46  Pylon  
  103  9:49  Pylon  
  85  10:18  Colossus  
  87  10:26  Warp Prism  
  89  10:34  Zealot x2  
  89  10:35  Zealot x4  
  93  10:36  Zealot  
  97  10:49  Protoss Ground Weapons Level 2 (Chrono Boost)  
  97  10:58  Gravitic Drive  
  97  11:02  Stalker x3  
  97  11:03  Stalker x2  
  107  11:15  Colossus x2  
  119  11:34  Zealot x3  
  119  11:35  Zealot x3  
  131  11:41  Stalker x2  
  131  11:42  Stalker  
  137  12:00  Gateway  
  137  12:01  Gateway  
  123  12:09  Warp Prism  
  123  12:10  Templar Archives  
  123  12:12  Stalker x3  
  107  12:45  Stalker x5  
  107  12:46  Stalker x3  
  123  13:00  Probe x2  
  123  13:02  Probe  
  123  13:04  Assimilator  
  123  13:05  Protoss Ground Armor Level 1 (Chrono Boost)  
  126  13:06  Assimilator  
  126  13:07  High Templar x2  
  126  13:08  Shield Battery  
  126  13:10  High Templar  
  126  13:11  High Templar  
  135  13:12  Probe  
  135  13:16  Archon x2  
  135  13:38  High Templar x2  
  139  13:47  Photon Cannon  
  139  13:49  Archon  
  139  13:52  Warp Prism  
  132  14:15  Zealot x6  
  140  14:40  Pylon  
  140  14:41  Pylon  
  123  14:59  Protoss Ground Weapons Level 3 (Chrono Boost)  
  111  15:07  Stalker x6  
  111  15:08  Stalker x3  
  129  15:30  Probe (Chrono Boost), Pylon  
  129  15:33  Pylon  
  132  15:36  Probe (Chrono Boost)  
  132  15:37  Probe (Chrono Boost)  
  133  15:57  Probe  
  133  16:01  Pylon  
  133  16:03  Pylon  
  133  16:09  Probe  
  128  16:19  Nexus  
  128  16:20  Pylon  
  128  16:23  Pylon  
  116  16:45  Stalker x3  
  116  16:46  Stalker x3  
  119  17:40  Assimilator  
  103  17:45  Assimilator  
Show
View Real Time Build Order
Export as new Build Order

Minato Terran - Winner!

Build Orders:  

Get SALT Encoding   

  12  0:00  SCV  
  13  0:12  SCV  
  14  0:17  Supply Depot  
  14  0:24  SCV  
  15  0:39  SCV  
  15  0:41  Barracks  
  16  0:45  Refinery  
  16  0:51  SCV  
  17  1:03  SCV  
  18  1:15  SCV  
  19  1:29  Orbital Command  
  19  1:31  Marine  
  20  1:42  Command Center  
  20  1:49  Marine  
  21  1:58  Factory  
  21  2:01  Refinery  
  21  2:04  SCV  
  22  2:11  Supply Depot  
  22  2:16  SCV  
  23  2:33  SCV  
  24  2:38  Barracks Tech Lab  
  24  2:45  SCV  
  24  2:46  Starport, Barracks, Factory Reactor  
  24  3:02  SCV  
  25  3:07  Marine  
  25  3:08  Stimpack  
  26  3:16  Barracks  
  26  3:17  SCV  
  27  3:25  Orbital Command  
  27  3:33  SCV  
  28  3:35  Factory Tech Lab  
  28  3:41  Marine  
  28  3:42  Marine  
  28  3:43  Medivac  
  28  3:48  Medivac  
  34  3:53  Refinery  
  34  3:54  SCV  
  35  3:56  SCV  
  35  3:59  Marine  
  35  4:02  Widow Mine  
  39  4:06  SCV  
  40  4:12  SCV  
  40  4:13  Engineering Bay  
  29  4:30  Marine  
  29  4:31  Medivac x2  
  33  4:40  Marine x2  
  33  4:45  SCV  
  35  4:52  Marine  
  35  5:06  Marine x2  
  35  5:08  Combat Shield  
  35  5:15  Widow Mine  
  35  5:19  SCV  
  35  5:20  SCV  
  39  5:30  Marine  
  39  5:31  SCV  
  39  5:32  Marine  
  39  5:35  Marine  
  43  5:36  Widow Mine  
  45  5:48  SCV  
  46  5:51  Missile Turret  
  46  5:56  Missile Turret  
  46  6:03  Marine, Supply Depot  
  46  6:19  SCV, Marine  
  46  6:24  Marine x2, Terran Infantry Weapons Level 1  
  46  6:25  Widow Mine  
  50  6:29  Armory  
  50  6:33  SCV  
  50  6:34  Factory  
  50  6:36  SCV, Marine  
  53  6:42  Marine  
  54  7:02  Concussive Shells  
  54  7:06  Supply Depot  
  54  7:09  Supply Depot  
  54  7:11  Engineering Bay  
  54  7:27  Marine x3, Factory Reactor  
  54  7:28  Widow Mine, SCV x2  
  61  7:30  Liberator  
  61  7:32  Terran Vehicle Weapons Level 1  
  64  7:40  SCV x2  
  66  7:45  Marine x2  
  68  7:52  SCV  
  67  8:19  Marine  
  66  8:20  Marine x2  
  67  8:31  SCV x2  
  70  8:43  Barracks x2  
  70  8:45  Terran Infantry Weapons Level 2  
  70  8:46  Terran Infantry Armor Level 1  
  70  8:47  Drilling Claws  
  70  8:50  Supply Depot x2  
  70  8:53  Command Center  
  70  8:54  Marine  
  70  8:55  Barracks Reactor  
  70  8:58  Barracks Reactor  
  70  9:03  Refinery  
  70  9:11  Medivac x2  
  70  9:12  SCV x2, Marine  
  70  9:14  Supply Depot  
  70  9:15  Supply Depot  
  47  10:10  Orbital Command, Marauder, Marine x2  
  47  10:13  Marine x2  
  53  10:15  Barracks Tech Lab x2  
  53  10:19  Terran Vehicle Weapons Level 2  
  53  10:21  Widow Mine  
  55  10:22  Widow Mine x2  
  55  10:25  Medivac x2  
  63  10:42  Widow Mine  
  65  10:46  SCV x2  
  65  10:49  Marine  
  65  10:50  Marauder, Marine x2  
  65  10:54  Widow Mine  
  65  10:55  Widow Mine  
  73  10:58  SCV x2  
  73  11:04  Widow Mine  
  77  11:06  Terran Infantry Armor Level 2, Terran Infantry Weapons Level 3  
  77  11:09  Marine  
  77  11:10  SCV x2, Marine x2  
  81  11:11  Marauder  
  81  11:13  Orbital Command  
  82  11:33  Marauder  
  82  11:37  Marine  
  82  11:38  Marine  
  86  11:54  Marauder  
  86  11:55  Marine  
  86  11:56  Marine x3  
  86  12:00  Marine x2  
  94  12:03  Widow Mine x2  
  94  12:04  Widow Mine, Medivac x2  
  94  12:06  SCV x2  
  106  12:13  Marine x2  
  106  12:14  Marine  
  109  12:16  Marauder  
  109  12:18  SCV x2  
  109  12:19  Marauder  
  115  12:37  Marauder  
  115  12:47  Marine x2  
  117  13:02  Marine  
  117  13:03  Marine, Supply Depot  
  117  13:05  Marauder  
  115  13:06  Widow Mine, Marine  
  115  13:07  Supply Depot x2  
  115  13:09  Marine  
  117  13:25  Marauder, Marine x2, Medivac x2  
  125  13:28  Marine x2  
  125  13:29  Widow Mine x3, Marauder x2  
  125  13:30  Supply Depot  
  125  13:31  Supply Depot  
  133  13:42  Marine x2  
  133  13:46  Marine x2  
  133  13:47  Marauder  
  112  13:50  Widow Mine x2, Marauder x2  
  112  13:55  Medivac  
  116  14:00  Marine x2  
  116  14:02  Orbital Command  
  118  14:04  Marine x2  
  118  14:08  Marauder  
  118  14:09  Medivac  
  124  14:11  SCV x2, Marauder x2  
  130  14:18  Marine  
  131  14:25  Medivac  
  131  14:27  Supply Depot  
  131  14:29  Marauder  
  135  14:33  Marauder x2  
  139  14:39  Medivac  
  139  14:41  Widow Mine  
  139  14:42  Widow Mine x2  
  146  14:48  Marine x3  
  146  14:49  Marine  
  146  14:50  Marine, Supply Depot  
  147  14:54  Marine x2  
  149  15:03  Widow Mine  
  149  15:05  SCV  
  149  15:06  Marine x4  
  155  15:09  Marauder  
  155  15:11  Marine x2  
  160  15:14  SCV x2, Supply Depot  
  160  15:17  SCV  
  163  15:24  Marine  
  163  15:26  SCV x2  
  164  15:37  Supply Depot  
  164  15:39  Marine x3  
  164  15:40  Marauder x2  
  164  15:42  SCV x3  
  174  15:54  SCV x3  
  177  16:06  SCV  
  176  16:14  Marine x3  
  176  16:15  Marauder x3, Marine  
  186  16:32  Marine  
  184  16:38  Marine x4  
  184  16:39  Marauder  
  189  16:45  SCV  
  189  17:13  Refinery  
  189  17:23  Marauder  
Tags
 
Add a new tag
Caveats
  • Supply blocks, unpowered buildings, or Contaminate may cause inaccurate times.
  • Supply counts are checked every 10 seconds.